AoeStats
← NDF

Arabia

504337532Analyzed
2v2 RM · 27d ago on Sep 4, 2026· 74m 47s· 4 players
Game mode
Random Map
Map size
Medium (4 player)
Population
200
Speed
Normal
Resources
Standard
Victory
Conquest
Starting age
Dark Age
Ending age
Imperial Age
RankedLock teamsTeams togetherTeam positionsShared explorationLock speedFull tech treeHidden civsTurbo modeCheats
Victory
Defeat
🇦🇷 Mongols · Argentina
691
+12
🇦🇷 Spanish · Argentina
690
+12
🇹🇷 Franks · Türkiye
639
-13
🇹🇷 Chinese · Türkiye
584
-11
FATİH
13:00 Feudal Age
17:41 Castle Age
15:38 Gold Mining
15:35 Double-Bit Axe
17:35 Loom
18:27 Wheelbarrow
18:05 Stone Mining
19:20 Bow Saw
20:37 Hand Cart
20:10 Town Watch
22:47 Town Patrol
22:52 Pikeman
23:33 Squires
25:09 Husbandry
26:36 Gold Shaft Mining
33:02 Padded Archer Armor
33:12 Forging
37:17 Imperial Age
35:33 Iron Casting
35:29 Caravan
36:00 Coinage
36:42 Elite Skirmisher
37:23 Heavy Scorpion
39:02 Cavalier
39:06 Halberdier
41:08 Banking
41:48 Blast Furnace
43:15 Chemistry
42:01 Arrowslits
49:42 Paladin
54:06 Scale Barding Armor
69:57 Light Cavalry
FZL
12:55 Feudal Age
18:29 Castle Age
27:43 Town Watch
28:35 Wheelbarrow
27:49 Double-Bit Axe
27:58 Gold Mining
27:59 Stone Mining
27:54 Horse Collar
30:18 Padded Archer Armor
31:04 Hand Cart
32:35 Loom
32:38 Town Watch
33:33 Gold Shaft Mining
33:33 Stone Shaft Mining
33:10 Bow Saw
33:04 Heavy Plow
33:53 Thumb Ring
35:06 Leather Archer Armor
34:41 Fletching
36:44 Elite Skirmisher
36:45 Crossbowman
36:55 Pikeman
37:36 Squires
38:05 Bodkin Arrow
38:21 Caravan
42:07 Imperial Age
39:44 Town Patrol
39:32 Pikeman
39:57 Arson
41:01 Great Wall
41:26 Ballistics
40:58 Guard Tower
41:18 Fortified Wall
41:04 Murder Holes
41:20 Masonry
42:43 Forging
42:33 Scale Mail Armor
42:39 Scale Barding Armor
43:35 Ring Archer Armor
43:06 Bracer
42:37 Arbalester
45:17 Two-Man Saw
58:40 Halberdier
NDF
3:06 Loom
13:06 Feudal Age
19:31 Castle Age
17:56 Double-Bit Axe
18:31 Horse Collar
22:16 Gold Mining
22:17 Stone Mining
24:54 Scale Barding Armor
24:51 Padded Archer Armor
25:37 Stone Shaft Mining
25:39 Gold Shaft Mining
25:31 Heavy Plow
27:10 Bow Saw
28:23 Masonry
29:21 Wheelbarrow
28:32 Town Watch
33:56 Coinage
34:48 Hand Cart
34:34 Town Patrol
34:56 Crossbowman
35:42 Thumb Ring
37:01 Ballistics
37:05 Leather Archer Armor
41:08 Imperial Age
43:15 Chemistry
42:37 Arson
42:53 Squires
42:14 Pikeman
43:20 Chain Barding Armor
43:01 Scale Mail Armor
43:12 Forging
42:54 Fletching
43:41 Nomads
43:12 Sappers
44:57 Hoardings
45:06 Heavy Cavalry Archer
47:54 Parthian Tactics
48:33 Iron Casting
47:56 Bodkin Arrow
48:17 Chain Mail Armor
48:10 Caravan
48:40 Banking
52:17 Blast Furnace
51:55 Bloodlines
60:08 Capped Ram
60:40 Elite Mangudai
61:52 Siege Ram
63:24 Fortified Wall
63:10 Murder Holes
67:05 Plate Mail Armor
66:38 Bracer
estebanpa
4:52 Loom
11:23 Feudal Age
11:55 Double-Bit Axe
12:24 Horse Collar
18:42 Castle Age
17:05 Gold Mining
17:35 Stone Mining
17:19 Man-at-Arms
18:56 Scale Mail Armor
19:43 Forging
19:47 Squires
20:13 Pikeman
21:18 Bow Saw
22:00 Iron Casting
23:21 Chain Mail Armor
24:53 Caravan
27:10 Bloodlines
27:57 Husbandry
27:20 Light Cavalry
29:08 Scale Barding Armor
29:47 Inquisition
33:57 Imperial Age
32:39 Chain Barding Armor
33:05 Padded Archer Armor
33:05 Fletching
34:31 Ballistics
36:11 Hoardings
34:58 Elite Conquistador
36:30 Plate Barding Armor
36:12 Leather Archer Armor
35:53 Bodkin Arrow
37:01 Stone Shaft Mining
38:00 Plate Mail Armor
38:31 Blast Furnace
36:58 Halberdier
37:15 Cavalier
38:56 Hussar
41:22 Ring Archer Armor
40:52 Bracer
42:55 Chemistry
41:54 Murder Holes
41:37 Paladin
44:03 Heavy Cavalry Archer
52:42 Elite Skirmisher
69:40 Redemption
69:45 Block Printing
69:56 Illumination
69:45 Fervor
70:11 Theocracy
Connection lost

Rejoining the realm…

Still unreachable

The connection could not be restored.

Session expired

The server has moved on; the page needs a fresh start.